cohdb
Replays
Latest Replays
All Replays
Popular Replays
Top Player Replays
Match Explorer
How It Works
Community
CoH3 Stats
Reddit
Sign in to upload your games and track your stats! →
Sign in with Steam
Match 42340520
Unlisted
Match 42340520
Overview
Messages
Build Orders
End
Construct Section Command Post
Vickers Machine Gun Team
Infantry Section
Infantry Section
Selects Canadian Shock Battlegroup
Selects Attacking Spirit
Selects Canadian Shock Section
Canadian Shock Section
Grenade Package
Construct Platoon Command Post
Humber Armored Car
Selects Incendiary Munitions
6-pounder Anti-tank Gun Team
Construct Field Infirmary
Selects Pyrotechnics
Vickers Machine Gun Team
Construct Company Command Post
BIOHAZARD
Galaxy
0
0
Comments
sign in to comment!
No comments posted yet!